 Dungeon Crawl Stone Soup version 0.21-a0-621-gc60411f (webtiles) character file.

148 Amnesiac the Insei (level 5, -1/44 HPs)
             Began as a Draconian Transmuter on Dec 23, 2017.
             Slain by a phantom (3 damage)
             ... on level 3 of the Dungeon.
             The game lasted 00:02:38 (2683 turns).

Amnesiac the Insei (Draconian Transmuter)           Turns: 2683, Time: 00:02:38

Health: -1/44      AC:  8    Str: 12    XL:     5   Next: 8%
Magic:  1/8        EV: 12    Int: 13    God:
Gold:   98         SH:  0    Dex: 13    Spells: 2/8 levels left

rFire    . . .     SeeInvis .   d - +2 dagger (venom)
rCold    . . .     Gourm    .   (no shield)
rNeg     . . .     Faith    .   (armour unavailable)
rPois    .         Spirit   .   (helmet restricted)
rElec    .         Reflect  .   (no cloak)
rCorr    .         Harm     .   g - +2 pair of gloves
MR       .....                  (no boots)
Stlth    +.........             (no amulet)
HPRegen  0.14/turn              (no ring)
MPRegen  0.11/turn              (no ring)

@: very slightly contaminated
A: unfitting armour, cold-blooded, AC +5
a: no special abilities


You were on level 3 of the Dungeon.
You were not hungry.

You visited 1 branch of the dungeon, and saw 4 of its levels.

You collected 98 gold pieces.

Inventory:

Hand Weapons
 d - a +2 dagger of venom (weapon)
Missiles
 a - 12 arrows
 s - 17 stones (quivered)
 v - 11 poisoned needles
Armour
 g - a +2 pair of gloves (worn)
Jewellery
 f - an uncursed amulet of guardian spirit {unknown}
Scrolls
 e - 3 scrolls of teleportation {!r, unknown}
 i - a scroll of enchant armour {!r, unknown}
 k - 2 scrolls of identify {!r, unknown}
 o - a scroll of remove curse {!r, unknown}
 p - 3 scrolls of fear {!r, unknown}
 r - a scroll of amnesia {!r, unknown}
 u - 5 scrolls of random uselessness {!r, unknown}
Potions
 h - 3 potions of agility {!q, unknown}
 j - a potion of experience {!q, unknown}
 l - a potion of degeneration {!q, unknown}
 m - 2 potions of ambrosia {!q, unknown}
 n - a potion of curing {!q, unknown}
 t - a potion of flight {!q, unknown}
Books
 b - a book of Changes

   Spells                             Type                      Level
   a - Beastly Appendage              Transmutation                1
   b - Sticks to Snakes               Transmutation                2
   c - Spider Form                    Transmutation/Poison         3
   d - Ice Form                       Ice/Transmutation            4
   e - Blade Hands                    Transmutation                5
Comestibles
 c - 4 rations
 q - 2 chunks of flesh


   Skills:
 + Level 2.9 Fighting
 + Level 2.1 Dodging
 * Level 3.7 Unarmed Combat
 + Level 2.2 Spellcasting
 * Level 3.5 Transmutations


You had 2 spell levels left.
You knew the following spells:

 Your Spells              Type           Power        Failure   Level  Hunger
a - Beastly Appendage     Tmut           ##....       6%          1    ##.....
b - Sticks to Snakes      Tmut           ##......     9%          2    ###....
e - Spider Form           Tmut/Pois      #.........   34%         3    ####...


Dungeon Overview and Level Annotations

Branches:
Dungeon (4/15)
 Temple: D:4-7

Altars:
Gozag
Trog
Yredelemnul
Zin


Innate Abilities, Weirdness & Mutations

Your plain brown scales are hard. (AC +5)
You cannot fit into any form of body armour.
You are cold-blooded and may be slowed by cold attacks.


Message History

Your transformation has ended.
Your +2 dagger of venom begins to drip with poison!
The phantom hits you but does no damage.
You barely miss the phantom.
The phantom is lightly damaged.
The phantom hits you.
You closely miss the phantom.
The phantom is lightly damaged.
The phantom hits you.
There is a stone staircase leading up here.
The phantom closely misses you.
You climb upwards.
There is a stone staircase leading down here.
Casting: Spider Form
Confirm with . or Enter, or press ? or * to list all spells.
You miscast Spider Form.
You are very lightly contaminated with residual magic.
Nothing appears to happen.
The phantom misses you.
Casting: Spider Form
Confirm with . or Enter, or press ? or * to list all spells.
You miscast Spider Form.
Strange energies run through your body.
The phantom blinks!
Throwing (i - inventory):
s - 19 stones (quivered)
Press: ? - help, Shift-Dir - straight line, f - phantom
Aim: a phantom (lightly damaged)
You throw a stone. The stone hits the phantom.
The phantom is lightly damaged.
You hit the phantom.
The phantom is lightly damaged.
The phantom hits you.
* * * LOW HITPOINT WARNING * * *
You barely miss the phantom.
The phantom is lightly damaged.
The phantom hits you.
* * * LOW HITPOINT WARNING * * *
The phantom blinks!
Throwing (i - inventory):
s - 18 stones (quivered)
Press: ? - help, Shift-Dir - straight line, f/p - phantom
Aim: a phantom (lightly damaged)
You throw a stone. The stone barely misses the phantom.
You hit the phantom.
The phantom is lightly damaged.
The phantom hits you.
* * * LOW HITPOINT WARNING * * *
You are too injured to fight recklessly!
You are too injured to fight recklessly!
You hit the phantom but do no damage.
The phantom is lightly damaged.
The phantom hits you.
* * * LOW HITPOINT WARNING * * *
You hit the phantom.
The phantom is moderately damaged.
The phantom barely misses you.
You hit the phantom.
The phantom is moderately damaged.
The phantom hits you.
* * * LOW HITPOINT WARNING * * *
You miss the phantom.
The phantom is moderately damaged.
The phantom barely misses you.
You hit the phantom. You tail-slap the phantom.
The phantom is heavily damaged.
The phantom hits you.
You die...

.............#.# #.......#.######
...........#.#.# #.#######.####
...............# #.#######....#
...........#.### #......#####.###
...........#.# ######.# #....
...........#.### #.# #####
.......).(.....########.## #
.....##.......([...(.....########
.....##.........@........'.......
<....##.........W........########
.....##..............>...#
.....########............# .....#
#...(........# .....#
############## .....# .....#
#.####


You could see a phantom.

Vanquished Creatures
  An orc priest (D:4)
  4 adders
  2 worms
  2 dart slugs
  3 orcs
  A ball python (D:1)
  6 bats
  14 giant cockroaches
  8 goblins
  4 hobgoblins
  7 jackals (D:2)
  A quokka (D:3)
  A frilled lizard (D:4)
  3 kobolds
  7 rats
64 creatures vanquished.

Notes
Turn   | Place    | Note
-------+----------+-------------------------------------------
     0 | D:1      | Amnesiac the Draconian Transmuter began the quest for the Orb.
     0 | D:1      | Reached XP level 1. HP: 16/16 MP: 3/3
   186 | D:1      | Reached XP level 2. HP: 24/24 MP: 5/5
   819 | D:2      | Reached XP level 3. HP: 21/29 MP: 6/6
  1292 | D:2      | Found a faded altar of an unknown god.
  1368 | D:2      | Reached XP level 4. HP: 37/37 MP: 7/7
  1557 | D:2      | Found a bloodstained altar of Trog.
  1557 | D:2      | Found an opulent altar of Gozag.
  1645 | D:3      | Learned a level 2 spell: Sticks to Snakes
  1649 | D:3      | Learned a level 3 spell: Spider Form
  1955 | D:3      | Found a basalt altar of Yredelemnul.
  2200 | D:3      | Found a glowing silver altar of Zin.
  2641 | D:4      | Noticed a phantom
  2664 | D:4      | Reached XP level 5. HP: 30/44 MP: 5/8
  2681 | D:3      | HP: 2/44 [phantom (4)]
  2683 | D:3      | Slain by a phantom

Vault maps used:
D:1:      sevenhm_arrival_forest_fort_large_2
D:2:      minmay_roachtagon, gammafunk_temple_overflow_wave,
          chequers_ecumenical_altar_island
D:3:      overflow_temple_1_default, lemuel_round_altar, first_ration
D:4:      chequers_temple_overflow_statue_of_worship, serial_shops, shop,
          serial_corexii_hall, corexii_hall_statues_deadend,
          corexii_hall_statues_l

Skill      XL: |  1  2  3  4 |
---------------+-------------+-----
Fighting       | 2 |  2.9
Transmutations | 3 |  3.5
Dodging        | 2 |  2.1
Unarmed Combat | |  3.7
Spellcasting   | |  2.2

Action                   |  1- 3 |  4- 6 || total
-------------------------+-------+-------++-------
Melee: Dagger            |   109 |    75 ||   184
       Tailslap          |     8 |    10 ||    18
       Punch             |     1 |       ||     1
       Unarmed           |       |    10 ||    10
Throw: Stone             |    81 |    64 ||   145
 Cast: Spider Form       |       |     1 ||     1
  Eat: Chunk             |     1 |     5 ||     6
Armor: Skin              |    42 |    17 ||    59
Dodge: Dodged            |    83 |    54 ||   137

Table legend:
 A = Spawn XP
 B = Non-spawn XP
 C = Spawn XP percentage of total XP
 D = Spawn monster count
 E = Non-spawn monster count
 F = Spawn count percentage of total count
 G = Total turns spent on level
                    A         B        C        D         E        F      G
               +---------+---------+-------+---------+---------+-------+---------
         Total |       0 |     212 |   0.0 |       0 |      64 |   0.0 |  2683
               +---------+---------+-------+---------+---------+-------+---------
           D:1 |       0 |      25 |   0.0 |       0 |      13 |   0.0 |   782
           D:2 |       0 |      78 |   0.0 |       0 |      33 |   0.0 |   841
           D:3 |       0 |      51 |   0.0 |       0 |      14 |   0.0 |  1017
           D:4 |       0 |      58 |   0.0 |       0 |       4 |   0.0 |    43
               +---------+---------+-------+---------+---------+-------+---------
